 Dungeon Crawl Stone Soup version 0.21.1-1-g345015f (webtiles) character file.

444 inc the Gouger (level 6, -1/25 HPs)
             Began as a Felid Transmuter on Mar 6, 2018.
             Was an Initiate of Gozag.
             Killed by divine providence
             ... invoked by an orc priest
              (14 damage)
             ... on level 5 of the Dungeon.
             The game lasted 00:07:31 (5845 turns).

inc the Gouger (Felid Transmuter)                   Turns: 5845, Time: 00:07:33

Health: -1/25      AC:  2    Str:  6    XL:     6   Next: 72%
Magic:  19/19      EV: 19    Int: 20    God:    Gozag
Gold:   310        SH:  0    Dex: 17    Spells: 6/9 levels left
                                        Lives:  0   Deaths: 1

rFire    . . .     SeeInvis +     - Unarmed
rCold    . . .     Gourm    .   (shield unavailable)
rNeg     . . .     Faith    .   (armour unavailable)
rPois    .         Spirit   .   (helmet unavailable)
rElec    .         Reflect  .   (cloak unavailable)
rCorr    .         Harm     .   (gloves unavailable)
MR       .....                  (boots unavailable)
Stlth    ++........             (no amulet)
HPRegen  0.08/turn              d - ring of magical power
MPRegen  0.16/turn              t - +4 ring of intelligence

@: appendage, gold aura, quick
A: very small, no armour, no weapons or thrown items, stealth, claws 1, fangs 3,
horns 2, see invisible, carnivore, speed 1, shaggy fur 2, slow metabolism 1,
sharp paws
a: End Transformation, Potion Petition, Call Merchant, Bribe Branch, Renounce
Religion


You were on level 5 of the Dungeon.
You worshipped Gozag.
Gozag was aware of your devotion.
You were not hungry.
You had grown temporary horns.
You visited 2 branches of the dungeon, and saw 6 of its levels.

You collected 381 gold pieces.
You paid 71 gold pieces to Gozag.

Inventory:

Missiles
 a - 54 arrows
Jewellery
 d - a ring of magical power (left paw)
 o - an uncursed ring of stealth
 t - a +4 ring of intelligence (right paw)
Scrolls
 e - 2 scrolls of teleportation {unknown}
 f - 4 scrolls of remove curse {unknown}
 g - 3 scrolls of fog {unknown}
 q - a scroll of enchant weapon {unknown}
 r - 2 scrolls of immolation {unknown}
 u - a scroll of fear {unknown}
Potions
 h - 2 potions of flight
 i - a potion of invisibility
 j - a potion of haste
 k - a potion of curing
 l - 2 potions of ambrosia
 m - 2 potions of agility
 n - a potion of cancellation
 p - a potion of lignification
 s - a potion of heal wounds {unknown}
 v - a potion of degeneration {unknown}
 w - a potion of resistance {unknown}
 x - a potion of might {unknown}
Books
 b - a book of Changes

   Spells                             Type                      Level
   a - Beastly Appendage              Transmutation                1
   b - Sticks to Snakes               Transmutation                2
   c - Spider Form                    Transmutation/Poison         3
   d - Ice Form                       Ice/Transmutation            4
   e - Blade Hands                    Transmutation                5
Comestibles
 c - 13 rations


   Skills:
 - Level 1.0 Fighting
 - Level 4.0 Dodging
 + Level 8.3 Unarmed Combat
 - Level 2.0 Spellcasting
 - Level 2.1 Transmutations


You had 6 spell levels left.
You knew the following spells:

 Your Spells              Type           Power        Failure   Level  Hunger
a - Beastly Appendage     Tmut           ##....       6%          1    #......
b - Sticks to Snakes      Tmut           ##......     10%         2    ##.....


Dungeon Overview and Level Annotations

Branches:
Dungeon (5/15)             Temple (1/1) D:4

Altars:
Ashenzari
Cheibriados
Dithmenos
Gozag
Hepliaklqana
Nemelex Xobeh
Okawaru
Sif Muna
Uskayaw
Vehumet
Wu Jian
Xom


Innate Abilities, Weirdness & Mutations

You cannot wear armour.
You are incapable of wielding weapons or throwing items.
Your paws allow you to move quietly. (Stealth)
You have sharp claws.
You have razor-sharp teeth.
You have supernaturally acute eyesight. (SInv)
You are carnivorous and can eat meat at any time.
You cover ground quickly.
You are covered in thick fur. (AC +2)
You have a slow metabolism.
Your sharp claws are effective at attacking unaware monsters.
You have a pair of horns on your head.


Message History

You are too injured to fight recklessly!
You are too injured to fight recklessly!
You barely miss the orc. You bite the orc, but do no damage.
The orc closely misses you.
You scratch the orc but do no damage. The orc completely misses you.
You scratch the orc.
The orc is moderately wounded.
You scratch the orc.
The orc is lightly wounded.
The orc priest is no longer distracted by gold.
You scratch the orc.
The orc is heavily wounded.
You barely miss the orc. You headbutt the orc, but do no damage.
The orc is heavily wounded.
The orc closely misses you.
The orc priest mumbles some strange prayers to Beogh against you.
Beogh smites you!
Ouch! That really hurt!
You die...
Your body crumbles into a pile of gold.

#........#.###
#(########.###
########.............
.............####.###
#.#####.###..#.....#.###
........................
######.###..###.#.#.###
#.# #.......<#.... #@#
#..###.####### #o#
##............


oo# ######.###### .... ##............ ..o..##.######.##### #....##..# #..#
#...##...# ##.## ...#..##....## #..# . .. ##......# ##.## You could see an orc
priest and 3 orcs.

Vanquished Creatures
  2 phantoms (D:4)
  A jelly (D:4)
  A bullfrog skeleton (D:5)
  3 orc priests (D:4)
  A hound (D:4)
  A centaur skeleton (D:5)
  2 orc wizards (D:4)
  An iguana (D:5)
  A worker ant (D:4)
  A hound skeleton (D:4)
  A howler monkey skeleton (D:4)
  8 adders
  3 gnolls (D:4)
  2 oozes
  2 adder skeletons (D:4)
  3 dart slugs
  2 leopard geckos
  7 orcs
  A giant cockroach (D:5)
  3 goblins
  A hobgoblin (D:2)
  3 jackals (D:4)
  2 quokkas
  3 bats
  A frilled lizard (D:2)
  A giant cockroach zombie (D:5)
  7 kobolds
  2 leopard gecko skeletons (D:5)
  A quokka skeleton (D:2)
  2 rats (D:2)
69 creatures vanquished.

Notes
Turn   | Place    | Note
-------+----------+-------------------------------------------
     0 | D:1      | inc the Felid Transmuter began the quest for the Orb.
     0 | D:1      | Reached XP level 1. HP: 9/9 MP: 4/4
   572 | D:1      | Reached XP level 2. HP: 11/12 MP: 6/6
  1031 | D:2      | Reached skill level 4 in Unarmed Combat
  1134 | D:2      | Reached XP level 3. HP: 15/15 MP: 7/7
  1768 | D:2      | Reached XP level 4. HP: 11/19 MP: 8/8
  2001 | D:2      | Reached skill level 5 in Unarmed Combat
  2222 | D:3      | Found an iron altar of Okawaru.
  2569 | D:3      | Found a hide-covered altar of Uskayaw.
  3058 | D:4      | Reached XP level 5. HP: 14/22 MP: 9/9
  3350 | D:4      | Noticed a phantom
  3356 | D:4      | Noticed a phantom
  3364 | D:5      | Entered Level 5 of the Dungeon
  3624 | D:5      | Reached skill level 6 in Unarmed Combat
  3827 | D:4      | Found a staircase to the Ecumenical Temple.
  3836 | Temple   | Entered the Ecumenical Temple
  4029 | Temple   | Became a worshipper of Gozag Ym Sagoz the Greedy
  4071 | D:4      | Killed a phantom
  4071 | D:4      | Gained mutation: You are covered in thick fur. (AC +2) [Felid growth]
  4071 | D:4      | Reached XP level 6. HP: 25/25 MP: 10/10
  4090 | D:4      | Reached skill level 7 in Unarmed Combat
  4323 | D:4      | Found a shimmering altar of Xom.
  4542 | D:4      | HP: 1/25 [orc priest/flail of crushing (11)]
  4542 | D:4      | Slain by an orc priest
  4543 | D:4      | Reached XP level 5. HP: -3/22 MP: 18/18
  4552 | D:4      | Reached skill level 8 in Unarmed Combat
  4552 | D:4      | Reached XP level 6. HP: 10/25 MP: 10/10
  5145 | D:4      | Noticed a two-headed ogre
  5155 | D:4      | Learned a level 2 spell: Sticks to Snakes
  5558 | D:5      | Found a shattered altar of Ashenzari.
  5845 | D:5      | Killed from afar by an orc priest

Skill      XL: |  1  2  3  4  5  6 |
---------------+-------------------+-----
Unarmed Combat | 4 5 8 7 |  8.3
Dodging        | 4 |  4.0
Fighting       | |  1.0
Spellcasting   | |  2.0
Transmutations | |  2.1

Action                   |  1- 3 |  4- 6 || total
-------------------------+-------+-------++-------
Melee: Unarmed           |    77 |   171 ||   248
       Bite              |     5 |    15 ||    20
       Punch             |     1 |     2 ||     3
       Headbutt          |       |    12 ||    12
 Cast: Beastly Appendage |       |    13 ||    13
       Sticks to Snakes  |       |     6 ||     6
  Use: Scroll            |     2 |     2 ||     4
       Potion            |       |     5 ||     5
 Stab: Sleeping          |     4 |    11 ||    15
       Distracted        |       |     2 ||     2
  Eat: Chunk             |       |     6 ||     6
Armor: Skin              |     5 |    14 ||    19
Dodge: Dodged            |    73 |    92 ||   165
